 Dungeon Sprint DCSS version 0.29.1-15-g9cfb28693d (webtiles) character file.

Game seed: 14126910404189669477

3 boopmooplesden the Poker (level 1, -3/20 HPs)
             Began as a Minotaur Berserker on Mar 20, 2023.
             Was a Believer of Trog.
             Slain by a human (8 damage)
             ... in the Dungeon (Sprint III: "The Ten Rune Challenge").
             The game lasted 00:00:09 (217 turns).

boopmooplesden the Poker (Minotaur Berserker)        Turns: 217, Time: 00:00:10

Health: -3/20      AC:  2    Str: 21    XL:     1   Next: 41%
Magic:  0/0        EV: 12    Int:  4    God:    Trog [**....]
Gold:   0          SH:  0    Dex:  9    Spells: 0/0 levels left

rFire   . . .      SeeInvis .   a - +0 spear
rCold   . . .      Faith    .   (no shield)
rNeg    . . .      Spirit   .   b - +0 animal skin
rPois   .          Reflect  .   (helmet restricted)
rElec   .          Harm     .   (no cloak)
rCorr   .          Rampage  .   (no gloves)
Will    .....      NoTele   +   (no boots)
Stlth   +.........              (no amulet)
HPRegen 0.06/turn               (no ring)
MPRegen 0.07/turn               (no ring)

@: no status effects
A: horns 2, retaliatory headbutt
a: Renounce Religion, Berserk, Trog's Hand


You were in the Dungeon.
You worshipped Trog.
Trog was pleased with you.
You visited 1 branch

Inventory:

Hand Weapons
 a - a +0 spear (weapon)
Armour
 b - a +0 animal skin (worn)
Scrolls
 h - a scroll of blinking
 i - a scroll of identify {unknown}
Potions
 c - a potion of curing
 d - a potion of heal wounds
 e - a potion of haste
 f - 2 potions of magic
 g - a potion of berserk rage


   Skills:
 + Level 4.2 Fighting
 + Level 4.3 Polearms
 + Level 2.6 Armour
 + Level 2.4 Dodging


You couldn't memorise any spells.
You didn't know any spells.
Your spell library was empty.

Dungeon Overview and Level Annotations

Branches:
Dungeon (1/1)

Altars:


Innate Abilities, Weirdness & Mutations

You have a pair of horns on your head.
You reflexively headbutt those who attack you in melee.


Message History

Trog accepts your kill.
Your Fighting skill increases to level 4!
Your Polearms skill increases to level 4!
i - a scroll labelled MUAMYO JOLUI You start resting.
You start resting.
You start resting.
You open the door.
A rat comes into view.
A rat comes into view.
Found 5 poisoned darts.
There is an open door here.
You barely miss the rat. You headbutt the rat.
You kill the rat!
Trog accepts your kill.
You can now call upon Trog for regeneration and willpower.
You see here a rat corpse.
You hit the rat.
You kill the rat!
Trog accepts your kill.
You see here a rat corpse.
You open the door.
There is an open door here.
A human comes into view.
The human shouts!
The human hits you.
You completely miss the human. The human hits you.
You hit the human.
The human is lightly wounded.
You closely miss the human. Your headbutt misses the human.
The human is lightly wounded.
The human barely misses you. You furiously retaliate!
You headbutt the human! You hit the human. Your headbutt misses the human.
The human is heavily wounded.
The human hits you.
* * * LOW HITPOINT WARNING * * *
You hit the human but do no damage.
The human is heavily wounded.
The human hits you!
You die...

▓.....#
▓.....#...~~.. .♣
▓.....#..~~~~♣♣.. +
▓####'#..~≈≈~~~♣♣.#
▓(...†#.~~≈~~~....#
▓..†..#.~≈~~~.....#
▓.....#.~~~.......#
▓'#####...........#
▓..........@p.....#
▓▓▓▓▓▓▓▓▓▓▓▓▓▓▓▓▓▓▓


You could see a human.

Vanquished Creatures
  An endoplasm (D)
  3 rats (D)
4 creatures vanquished.

Notes
Turn   | Place    | Note
-------+----------+-------------------------------------------
     0 | D        | boopmooplesden the Minotaur Berserker began the quest for
                  | the Orb.
     0 | D        | Reached XP level 1. HP: 19/19 MP: 0/0
   194 | D        | Reached ** piety under Trog
   217 | D        | Slain by a human

Illustrated notes

Levels and vault maps discovered:
D:        dungeon_sprint_mu [sprint_mu_entry_forest, sprint_mu_temple_rooms,
          sprint_mu_d1_horrors, sprint_mu_d2_genie, sprint_mu_d3_branching,
          sprint_mu_orc_legion, sprint_mu_elf_gauntlet, sprint_mu_hive_nellie,
          sprint_mu_lair_fedhas, sprint_mu_vaults_butterflies,
          sprint_mu_slime_circle, sprint_mu_swamp_cave, sprint_mu_shoals_kraken,
          sprint_mu_blade_basic, sprint_mu_crypt_fortress,
          sprint_mu_tomb_spiral, sprint_mu_vestibule_basic,
          sprint_mu_gehenna_hellfire, sprint_mu_dis_giant,
          sprint_mu_tartarus_statrot, sprint_mu_cocytus_islands, sprint_mu_zot1]

Skill      XL: |  1 |
---------------+----+-----
Fighting       | 4 |  4.2
Polearms       | 4 |  4.3
Armour         | |  2.6
Dodging        | |  2.4

Action                   || total
-------------------------++-------
Melee: Spear             ||    13
       Headbutt          ||     2
Armor: Animal skin       ||     2
Dodge: Dodged            ||     2
